 Dungeon Crawl Stone Soup version 0.19.1-1-g22dce08 (webtiles) character file.

171 ponk the Skirmisher (level 5, -3/55 HPs)
             Began as an Ogre Fighter on Jan 9, 2017.
             Was an Initiate of Nemelex Xobeh.
             Slain by an orc warrior
             ... wielding a +0 battleaxe
              (12 damage)
             ... on level 3 of the Dungeon.
             The game lasted 00:10:38 (1954 turns).

ponk the Skirmisher (Ogre Fighter)                  Turns: 1954, Time: 00:10:42

Health: -3/55      AC:  9    Str: 27    XL:     5   Next: 51%
Magic:  5/5        EV: 10    Int:  7    God:    Nemelex Xobeh [......]
Gold:   160        SH:  0    Dex:  9    Spells: 0 memorised, 4 levels left

rFire  . . .     SeeInvis .     a - +0 flail
rCold  . . .     Gourm    +     b - +0 robe
rNeg   . . .     Faith    .     c - +0 shield
rPois  .         Spirit   .     (helmet restricted)
rElec  .         Reflect  .     (no cloak)
rCorr  .         Harm     .     (gloves unavailable)
MR     .....                    (boots unavailable)
Stlth  +.........               v - amulet of the gourmand
                                h - +2 ring of evasion
                                m - +6 ring of protection

@: confused, mighty, drained
A: unfitting armour, tough skin 1
a: Renounce Religion


You were on level 3 of the Dungeon.
You worshipped Nemelex Xobeh.
Nemelex Xobeh was noncommittal.
You were completely stuffed.

You visited 1 branch of the dungeon, and saw 3 of its levels.

You collected 160 gold pieces.

Inventory:

Hand Weapons
 a - a +0 flail (weapon)
 y - a +1 halberd of chopping
Armour
 b - a +0 robe (worn)
 c - a +0 shield (worn)
Jewellery
 e - an uncursed ring of ice
 h - a +2 ring of evasion (right hand)
 m - a +6 ring of protection (left hand)
 v - an amulet of the gourmand (around neck)
Wands
 u - a wand of iceblast (5/15)
Scrolls
 g - 2 scrolls of enchant armour {unknown}
 i - 5 scrolls of identify
 j - 2 scrolls of magic mapping {unknown}
 k - a scroll of noise {unknown}
 l - a scroll of remove curse {unknown}
 r - a scroll of teleportation {unknown}
 A - a scroll of enchant weapon {unknown}
 B - a scroll of amnesia {unknown}
Potions
 d - 3 potions of might
 n - 3 potions of invisibility
 p - a potion of experience {unknown}
 t - 3 potions of curing {unknown}
 w - a potion of berserk rage {unknown}
Comestibles
 f - 4 bread rations
 o - a slice of pizza
 q - 2 meat rations
 s - 5 fruits
 z - 6 chunks of flesh


   Skills:
 + Level 4.8(3.8) Fighting
 + Level 4.7(3.7) Maces & Flails
 + Level 3.4(2.5) Dodging
 + Level 0.1(0.0) Stealth
 + Level 3.6(2.6) Shields
 + Level 0.4(0.0) Invocations


You had 4 spell levels left.
You didn't know any spells.

Dungeon Overview and Level Annotations

Branches:
Dungeon (3/15)

Altars:
Nemelex Xobeh


Innate Abilities, Weirdness & Mutations

You are too large for most types of armour.
You have tough skin. (AC +1)


Message History

Your shield prevents you from hitting the orc wizard.
The orc wizard is almost dead.
The orc wizard hits you but does no damage.
You feel drained.
The orc warrior hits you but does no damage.
The orc wizard points at you and mumbles some strange words.
You are confused.
You feel very mighty all of a sudden.
The orc warrior hits you with a battleaxe.
* * * LOW HITPOINT WARNING * * *
The orc wizard barely misses you. The orc warrior closely misses you.
You closely miss the orc wizard.
The orc wizard is almost dead.
The orc wizard hits you with a dagger of draining.
* * * LOW HITPOINT WARNING * * *
You feel drained.
The orc warrior hits you with a battleaxe!
You die...
Your body disappears without a glow.

###.#
######.....#.....####.#.#'
+...# ##(...#.....##...#..
##### #(...#.....##...'. .
#######(...#.....##...##..
...........'..........''..
########...#..........##..
#)..#..............
####..o#.....o).##.).†
#....@o†.#......##....
#.....o..#......##....
#........#......##...#
#........#......######
#........#......#
#######'######..# #.# ...#
#.#


You could see an orc warrior, an orc wizard and an orc.

Vanquished Creatures
  3 gnolls
  6 adders
  2 oozes
  3 worms (D:2)
  4 dart slugs
  3 leopard geckos
  An orc (D:3)
  A ball python (D:2)
  A giant cockroach (D:1)
  3 hobgoblins
  6 bats
  2 frilled lizards (D:3)
  4 goblins
  5 kobolds
  8 rats
52 creatures vanquished.

Vanquished Creatures (collateral kills)
  A gnoll (D:3)
  2 adders (D:3)
  3 hobgoblins (D:3)
6 creatures vanquished.

Grand Total: 58 creatures vanquished

Notes
Turn   | Place    | Note
-------+----------+-------------------------------------------
     0 | D:1      | ponk the Ogre Fighter began the quest for the Orb.
     0 | D:1      | Reached XP level 1. HP: 24/24 MP: 1/1
   194 | D:1      | Reached XP level 2. HP: 25/32 MP: 2/2
   342 | D:1      | Found a sparkling altar of Nemelex Xobeh.
   696 | D:1      | Reached XP level 3. HP: 35/39 MP: 3/3
   850 | D:1      | Became a worshipper of Nemelex Xobeh the Trickster
  1052 | D:2      | Reached XP level 4. HP: 36/48 MP: 4/4
  1376 | D:2      | Received a gift from Nemelex Xobeh
  1653 | D:3      | Reached XP level 5. HP: 27/55 MP: 5/5
  1925 | D:3      | Noticed an orc warrior
  1954 | D:3      | Slain by an orc warrior

Skill      XL: |  1  2  3  4 |
---------------+-------------+-----
Maces & Flails | 3 4 |  4.7
Dodging        | 3 |  3.4
Shields        | 3 |  3.6
Fighting       | |  4.8
Stealth        | |  0.1
Invocations    | |  0.4

Action                   |  1- 3 |  4- 6 || total
-------------------------+-------+-------++-------
Melee: Flail             |   105 |    93 ||   198
Evoke: Deck              |       |     8 ||     8
       Wand              |       |     1 ||     1
  Use: Scroll            |     1 |       ||     1
       Potion            |       |     1 ||     1
 Stab: Sleeping          |       |     1 ||     1
  Eat: Chunk             |       |    21 ||    21
Armor: Robe              |    47 |    28 ||    75
Dodge: Dodged            |    57 |    42 ||    99
Block: Shield            |    58 |    40 ||    98
